 Dungeon Crawl Stone Soup version 0.29-a0-289-g2178c42546 (webtiles) character file.

Game seed: 10381599640236275034

11 kae the Skirmisher (level 2, -3/27 HPs)
             Began as a Hill Orc Fighter on Mar 17, 2022.
             Slain by a gnoll
             ... wielding a +0 halberd
              (5 damage)
             ... on level 2 of the Dungeon.
             The game lasted 00:00:14 (179 turns).

kae the Skirmisher (Hill Orc Fighter)                Turns: 179, Time: 00:00:15

Health: -3/27      AC:  7    Str: 18    XL:     2   Next: 29%
Magic:  2/2        EV:  9    Int:  8    God:
Gold:   45         SH:  4    Dex: 10    Spells: 1/1 levels left

rFire   . . .      SeeInvis .   a - +0 war axe
rCold   . . .      Faith    .   c - +0 buckler
rNeg    . . .      Spirit   .   b - +1 scale mail
rPois   .          Reflect  .   (no helmet)
rElec   .          Harm     .   (no cloak)
rCorr   .          Rampage  .   (no gloves)
Will    .....                   (no boots)
Stlth   ..........              (no amulet)
HPRegen 0.09/turn               (no ring)
MPRegen 0.08/turn               (no ring)

@: no status effects
A: no striking features
a: no special abilities


You were on level 2 of the Dungeon.
You visited 1 branch of the dungeon, and saw 2 of its levels.

You collected 45 gold pieces.

Inventory:

Hand Weapons
 a - a +0 war axe (weapon)
Armour
 b - a +1 scale mail (worn)
 c - a +0 buckler (worn)
Potions
 d - a potion of might


   Skills:
 + Level 3.9 Fighting
 * Level 3.5 Axes
 - Level 3.2 Armour
 - Level 3.2 Shields


You had one spell level left.
You didn't know any spells.
Your spell library was empty.

Dungeon Overview and Level Annotations

Branches:
Dungeon (1/15)

Altars:


Message History

The goblin attacks as you move away! The goblin barely misses you.
The frilled lizard attacks as you move away!
The frilled lizard bites you but does no damage.
The bat closely misses you. The bat closely misses you.
The bat attacks as you move away! The bat barely misses you.
The goblin attacks as you move away! The goblin hits you but does no damage.
A gnoll comes into view. It is wielding a +0 club.
The gnoll shouts!
You hear a shout!
The bat completely misses you.
A gnoll comes into view. It is wielding a +0 spear.
The frilled lizard attacks as you move away!
The frilled lizard bites you but does no damage.
Found a coppery potion.
The bat hits you but does no damage.
The frilled lizard attacks as you move away!
The frilled lizard bites you.
* * * LOW HITPOINT WARNING * * *
You block the bat's attack. The bat hits you.
* * * LOW HITPOINT WARNING * * *
The bat hits you.
* * * LOW HITPOINT WARNING * * *
The bat hits you but does no damage. The bat attacks as you move away!
The bat hits you but does no damage. The bat barely misses you.
The bat barely misses you. The bat hits you but does no damage.
The bat hits you but does no damage. The bat barely misses you.
The bat misses you.
A gnoll comes into view. It is wielding a +0 spear.
The bat attacks as you move away! You block the bat's attack.
The gnoll shouts!
The bat barely misses you.
A hobgoblin comes into view. It is wielding a +0 dagger.
The hobgoblin shouts!
You hear an angry hiss.
The bat closely misses you. The bat hits you but does no damage.
You block the bat's attack. The bat hits you but does no damage.
The gnoll hits you from afar with a +0 halberd.
You die...

.... ###.#.††.......
....###...#...........
...(................
.#.##...##l......##
#......##.......#
###ggg.##l.....##
#..gg.g.......#
###>.b..##......#
..###....@............
...$.<......##......##
.......?†.........!...
............##########
..#.........#
............#
..#.........#
..##.......##
.........


You could see 4 gnolls, a hobgoblin, a goblin, a bat and a frilled lizard.

Vanquished Creatures
  2 worms (D:2)
  An endoplasm (D:2)
  A hobgoblin (D:2)
  3 frilled lizards (D:2)
7 creatures vanquished.

Notes
Turn   | Place    | Note
-------+----------+-------------------------------------------
     0 | D:1      | kae the Hill Orc Fighter began the quest for the Orb.
     0 | D:1      | Reached XP level 1. HP: 19/19 MP: 1/1
    89 | D:1      | You fall into a shaft and drop 1 floor!
   107 | D:2      | Reached XP level 2. HP: 23/27 MP: 2/2
   169 | D:2      | HP: 1/27 [bat (1)]
   179 | D:2      | Slain by a gnoll

Illustrated notes

Levels and vault maps discovered:
D:1:      giann_wishing_wells, layout_basic, serial_shops,
          nicolae_shop_hallway_plus
D:2:      cheibrodos_old_hovel, layout_rooms,
          hellmonk_ecumenical_altar_slurped_away, uniq_robin

Skill      XL: |  1 |
---------------+----+-----
Axes           | 3 |  3.5
Fighting       | |  3.9
Armour         | |  3.2
Shields        | |  3.2

Action                   || total
-------------------------++-------
Melee: War axe           ||    15
  Use: Scroll            ||     1
Armor: Scale mail        ||    26
Dodge: Dodged            ||    28
Block: Buckler           ||     8

Table legend: (Time is in decaauts)
 A = Elapsed time spent in this place.
 B = Non-inter-level travel time spent in this place.
 C = Inter-level travel time spent in this place.
 D = Time resting spent in this place.
 E = Time spent auto-exploring this place.
 F = Levels seen in this place.
 G = Mean time per level.
                   A        B        C        D        E       F      G
               +--------+--------+--------+--------+--------+-----+--------+
         Total |    184 |    184 |      0 |      0 |    130 |   2 |   92.0 |
       Dungeon |    184 |    184 |      0 |      0 |    130 |   2 |   92.0 |
               +--------+--------+--------+--------+--------+-----+--------+

Top non-repeatable levels by time:
     D:2: 95 daAuts
     D:1: 89 daAuts
